Workbook

Sheet FORMULAIRE A COMPLETER
H1: Incendies en Gironde et dans les Landes - Plan d'actions régional
H2: Mesure 8 : Reconstruire et moderniser les outils de production des TPE
H4: FORMULAIRE DE DEMANDE D'AIDE EXCEPTIONNELLE
B6: PRESENTATION DE L'ENTREPRISE
B8: RAISON SOCIALE
B10: ADRESSE SIEGE SOCIAL
B12: COMMUNE | O12:  | P12: =IFERROR(VLOOKUP($F$12,Feuil2!$A$2:$K$10864,2,FALSE),"") | R12: =IFERROR(VLOOKUP($F$12,Feuil2!$A$2:$K$10864,4,FALSE),"")
B14: TELEPHONE | M14: SITE INTERNET
B16: SIRET | N16: DATE IMMATRICULATION
B18: NAF | H18:  | I18: =IFERROR(VLOOKUP(E18,Feuil2!B905:E1637,4,FALSE),"") | S18: CATEGORIE JURIDIQUE | AC18: 
B20: CHIFFRE D'AFFAIRES (dernier exercice clos) | M20: EFFECTIF
M21: CDI-CDD | R21:  | S21: Apprentis | X21:  | Y21: Travailleurs non salariés | AD21: 
B23: REPRESENTANT LEGAL DE L'ENTREPRISE | N23: NOM - PRENOM
B25: FONCTION | M25: ( | S25: MAIL
B27: PERSONNE EN CHARGE DU DOSSIER
B29: JE SUIS : | W29:  | X29: =IF($E$40="Une structure mandatée par l'entreprise pour gérer ce dossier","→ Préciser structure",IF($E$40="Autre","→ Préciser structure",""))
B31: CIVILITE | H31:  | I31: NOM - PRENOM
B33: FONCTION | M33: ( | S33: MAIL
B35: Nom de la structure si autre que l'entreprise
B38: INFORMATIONS SUR LE SINISTRE
B40: DATE DE DEBUT DU SINISTRE
B42: FERMETURE DE L'ENTREPRISE | K42: NON | M42:  | Q42: du | X42: au
B44: Descriptif du sinistre
B50: Dommages subis sur les locaux de l'entreprise | R50: Coût estimé des dommages
B57: Dommage subis sur le matériel professionnel | R57: Coût estimé des dommages
B64: INFORMATIONS SUR L'ASSUREUR
B66: NOM DE L'ASSURANCE | S66: N° DU CONTRAT
B68: NOM - PRENOM DU REFERENT
B70: ( | K70: MAIL
B72: Commentaire sur la prise en charge des dégâts par l'assurance :
B74: AIDES PERCUES OU SOLLICITEES LIEES AU SINISTRE
B76: DATE DEMANDE | E76: OBJET DE L'AIDE | O76: FINANCEUR | V76: MONTANT | AA76: DATE ACCORD
B81: DECLARATION AIDES PUBLIQUES - REGIME DE MINIMIS
B82: Règlement UE n°2023/2831 de la Commission Européenne du 13 décembre 2023 relatif à l'application des articles 107 et 108 du traité sur le fonctionnement de l'Union européenne aux aides "de minimis", qui prévoit que les aides publiques versées au titre de cette réglementation ne peuvent dépasser 300 000 euros au cours des 36 derniers mois.
B84: FALSE | C84: l’entreprise n’a bénéficié d’aucune aide publique relevant du régime « de minimis » au cours des 36 derniers mois,
B86: FALSE | C86: l’entreprise a bénéficié, au cours des 36 derniers mois, de la somme totale inscrite dans le tableau ci-dessous au titre des aides de minimis :
C88: OBJET DE L'AIDE | M88: FINANCEUR | T88: DATE OBTENTION | Y88: MONTANT
T92: TOTAL | Y92: =SUM(Y89:AC91) -> 0
B94: DECLARATION SUR L'HONNEUR
B96: Je déclare sur l’honneur (cases à cocher) :
B97: FALSE | C97: que mon entreprise est à jour de ses obligations administratives, comptables, sociales et fiscales (déclarations et paiements correspondants),
B99: FALSE | C99: l'exactitude des renseignements portés sur le présent formulaire,
B101: FALSE | C101: solliciter une aide exceptionnelle pour couvrir tout ou partie des dépenses non prises en charge par mon assurance ou d'autres aides publiques,
B103: FALSE | C103: si décision favorable de la Région, m'engager à rendre visible le partenariat financier régional.
N105: A | W105: DATE
N107: Le signataire de la demande :
N109: NOM et PRENOM
N111: QUALITE
B113: PIECES A FOURNIR
B115: TRUE | C115: Avis de situation au Registre National des Entreprises téléchargeable sur | R115: https://data.inpi.fr/
B116: TRUE | C116: RIB récent
B117: TRUE | C117: Copie de la déclaration et du chiffrage des dommages transmis à l'assurance
B118: TRUE | C118: Document complété par la structure sinistrée + par son assureur (fichier excel joint)
B119: TRUE | C119: Factures des dépenses matérielles liées au redémarrage de l'activité (ou devis) engagées à compter du 22/07/2026
B120: TRUE | C120: La dernière liasse fiscale complète
B121: TRUE | C121: Tout document jugé utile pour compléter le présent formulaire
A122: Dossier à adresser par mail à ecoterr.na@nouvelle-aquitaine.fr au plus tard le 31-12-2026
A123: Conformément à la loi du 20 juin 2018 et à l’article 13 du Règlement 2016/679 (UE) dit règlement général sur la protection des données (RGPD), la Région Nouvelle-Aquitaine s’engage à protéger vos données personnelles et vous garantit l’exercice de vos droits sur ces données. Pour toute information, consultez https://www.nouvelle-aquitaine.fr/donnees-personnelles

Sheet DONNEES
A1: Présentation de l'entreprise | M1: Représentant légal de l'entreprise | S1: Personne en charge du dossier | AA1: Activité de l'entreprise | AI1: Description du projet de l'entreprise | AV1: Accompagnement du projet de l'entreprise | BB1: Montant | BC1: Informations complémentaires | BM1: Informations complémentaires
AA2: Décrire l'activité de l'entreprise | AB2: Effectif de l'entreprise | AF2: CA des 2 derniers exercices cloturés | AI2: Description projet | AM2: Recrutement prévisionnel | AQ2: Coût prévisionnel | AV2: Le projet est-il accompagné par une structure experte | AW2: Si oui, nom de la structure | AX2: Nom du conseiller | AY2: Téléphone | AZ2: Mail | BC2: supplément d'information | BM2: Démarches environnementales
A3: Raison sociale | B3: Adresse établissement | C3: Commune | D3: Telephone | E3: Site internet | F3: Siret | G3: Date création ou reprise | H3: Code NAF | I3: Catégorie juridique | J3: l'entreprise appartient a un groupe ? | K3: Lequel ? | M3: Civilité | N3: Nom-Prénom | O3: Fonction | P3: Telephone | Q3: Mail | S3: "Je suis" | T3: Civilité | U3: Nom-Prénom | V3: Fonction | W3: Tel | X3: Mail | Y3: Nom de la structure si autre que l'entreprise | AA3: Description de l'activité de l'entreprise | AB3: CDI | AC3: CDD | AD3: Alternant(e)s | AE3: Autres | AF3: CA N-1 | AG3: CA N-2 | AI3: Démarche | AJ3: Date prévisionnelle de démarrage | AK3: Description du projet | AL3: Actions mises en place pour Neoterra | AM3: CDI | AN3: CDD | AO3: Contrat Alternance | AP3: Autres | AQ3: Cout total | AR3: Immobilier | AS3: Matériel | AT3: Autre | BC3: Type de commerce | BD3: Activité principale | BE3: Site vente en ligne | BF3: Clientèle | BG3: Local | BH3: supérficie local | BI3: emplacement local | BJ3: Concurrence | BK3: Adresse précise | BM3: Tri des déchets | BN3: Réduction des déchets | BO3: Eau | BP3: Energie | BQ3: Vente en circuits courts | BR3: Achats éco-responsables | BS3: Conseils perso | BT3: Autres informations utiles
A4: ='FORMULAIRE A COMPLETER'!J8 -> 0 | B4: ='FORMULAIRE A COMPLETER'!J10 -> 0 | C4: ='FORMULAIRE A COMPLETER'!F12 -> 0 | D4: ='FORMULAIRE A COMPLETER'!F14 -> 0 | E4: ='FORMULAIRE A COMPLETER'!R14 -> 0 | F4: ='FORMULAIRE A COMPLETER'!E16 -> 0 | G4: ='FORMULAIRE A COMPLETER'!V16 -> 0 | H4: ='FORMULAIRE A COMPLETER'!E18 -> 0 | I4: ='FORMULAIRE A COMPLETER'!Z18 -> 0 | J4: ='FORMULAIRE A COMPLETER'!#REF! -> #REF! | K4: ='FORMULAIRE A COMPLETER'!#REF! -> #REF! | M4: ='FORMULAIRE A COMPLETER'!#REF! -> #REF! | N4: ='FORMULAIRE A COMPLETER'!#REF! -> #REF! | O4: ='FORMULAIRE A COMPLETER'!F25 -> 0 | P4: ='FORMULAIRE A COMPLETER'!N25 -> 0 | Q4: ='FORMULAIRE A COMPLETER'!V25 -> 0 | S4: ='FORMULAIRE A COMPLETER'!E40 -> 0 | T4: ='FORMULAIRE A COMPLETER'!#REF! -> #REF! | U4: ='FORMULAIRE A COMPLETER'!#REF! -> #REF! | V4: ='FORMULAIRE A COMPLETER'!#REF! -> #REF! | W4: ='FORMULAIRE A COMPLETER'!#REF! -> #REF! | X4: ='FORMULAIRE A COMPLETER'!#REF! -> #REF! | Y4: ='FORMULAIRE A COMPLETER'!#REF! -> #REF! | AA4: ='FORMULAIRE A COMPLETER'!B45 -> 0 | AB4: ='FORMULAIRE A COMPLETER'!#REF! -> #REF! | AC4: ='FORMULAIRE A COMPLETER'!#REF! -> #REF! | AD4: ='FORMULAIRE A COMPLETER'!#REF! -> #REF! | AE4: ='FORMULAIRE A COMPLETER'!#REF! -> #REF! | AF4: ='FORMULAIRE A COMPLETER'!#REF! -> #REF! | AG4: ='FORMULAIRE A COMPLETER'!#REF! -> #REF! | AI4: ='FORMULAIRE A COMPLETER'!#REF! -> #REF! | AJ4: ='FORMULAIRE A COMPLETER'!#REF! -> #REF! | AK4: ='FORMULAIRE A COMPLETER'!#REF! -> #REF! | AL4: ='FORMULAIRE A COMPLETER'!#REF! -> #REF! | AM4: ='FORMULAIRE A COMPLETER'!#REF! -> #REF! | AN4: ='FORMULAIRE A COMPLETER'!#REF! -> #REF! | AO4: ='FORMULAIRE A COMPLETER'!#REF! -> #REF! | AP4: ='FORMULAIRE A COMPLETER'!#REF! -> #REF! | ... AT4: ='FORMULAIRE A COMPLETER'!#REF! -> #REF! | AV4: ='FORMULAIRE A COMPLETER'!#REF! -> #REF! | AW4: ='FORMULAIRE A COMPLETER'!#REF! -> #REF! | AX4: ='FORMULAIRE A COMPLETER'!#REF! -> #REF! | AY4: ='FORMULAIRE A COMPLETER'!#REF! -> #REF! | AZ4: ='FORMULAIRE A COMPLETER'!#REF! -> #REF! | BB4: ='FORMULAIRE A COMPLETER'!S101 -> 0 | BC4: ='FORMULAIRE A COMPLETER'!#REF! -> #REF! | BD4: ='FORMULAIRE A COMPLETER'!#REF! -> #REF! | BE4: ='FORMULAIRE A COMPLETER'!#REF! -> #REF! | BF4: ='FORMULAIRE A COMPLETER'!#REF! -> #REF! | BG4: ='FORMULAIRE A COMPLETER'!#REF! -> #REF! | BH4: ='FORMULAIRE A COMPLETER'!#REF! -> #REF! | BI4: ='FORMULAIRE A COMPLETER'!#REF! -> #REF! | BJ4: ='FORMULAIRE A COMPLETER'!#REF! -> #REF! | BK4: ='FORMULAIRE A COMPLETER'!#REF! -> #REF! | BM4: ='FORMULAIRE A COMPLETER'!#REF! -> #REF! | BN4: ='FORMULAIRE A COMPLETER'!#REF! -> #REF! | BO4: ='FORMULAIRE A COMPLETER'!#REF! -> #REF! | BP4: ='FORMULAIRE A COMPLETER'!#REF! -> #REF! | BQ4: ='FORMULAIRE A COMPLETER'!#REF! -> #REF! | BR4: ='FORMULAIRE A COMPLETER'!#REF! -> #REF! | BS4: ='FORMULAIRE A COMPLETER'!#REF! -> #REF! | BT4: ='FORMULAIRE A COMPLETER'!#REF! -> #REF!

Sheet Feuil2
A1: DPT com | B1: DPT2 | C1: CODE | D1: EPCI | E1: COMMUNE | F1: ELIGIBILITE | G1: POPULATION | H1: RURAL OU URBAIN | I1: Vulnérabilité DATAR | J1: Spécificité | K1: Niveau Equipement | L1: arreté cata nat
A2: =CONCATENATE(Tableau4[[#This Row],[DPT2]]," - ",Tableau4[[#This Row],[COMMUNE]]) -> 33 - Abzac | B2: 33 | C2: 33001 | D2: CA du Libournais | E2: Abzac | F2: OUI | G2: 1982 | H2: Rural | I2: Moyenne | J2: - | K2: Restreint | L2: 46077
A3: =CONCATENATE(Tableau4[[#This Row],[DPT2]]," - ",Tableau4[[#This Row],[COMMUNE]]) -> 33 - Aillas | B3: 33 | C3: 33002 | D3: CC du Réolais en Sud Gironde | E3: Aillas | F3: OUI | G3: 834 | H3: Rural | I3: Forte | J3: - | K3: Restreint | L3: NON
A4: =CONCATENATE(Tableau4[[#This Row],[DPT2]]," - ",Tableau4[[#This Row],[COMMUNE]]) -> 33 - Ambarès-et-Lagrave | B4: 33 | C4: 33003 | D4: Bordeaux Métropole | E4: Ambarès-et-Lagrave | F4: NON | G4: 16636 | H4: Urbain | I4: Faible | J4: - | K4: Moyen | L4: NON
A5: =CONCATENATE(Tableau4[[#This Row],[DPT2]]," - ",Tableau4[[#This Row],[COMMUNE]]) -> 33 - Ambès | B5: 33 | C5: 33004 | D5: Bordeaux Métropole | E5: Ambès | F5: OUI | G5: 3053 | H5: Rural | I5: Faible | J5: - | K5: Restreint | L5: 46077
A6: =CONCATENATE(Tableau4[[#This Row],[DPT2]]," - ",Tableau4[[#This Row],[COMMUNE]]) -> 33 - Andernos-les-Bains | B6: 33 | C6: 33005 | D6: CA du Bassin d'Arcachon Nord | E6: Andernos-les-Bains | F6: NON | G6: 12242 | H6: Urbain | I6: Faible | J6: - | K6: Convenable | L6: NON
A7: =CONCATENATE(Tableau4[[#This Row],[DPT2]]," - ",Tableau4[[#This Row],[COMMUNE]]) -> 33 - Anglade | B7: 33 | C7: 33006 | D7: CC de l'Estuaire | E7: Anglade | F7: OUI | G7: 931 | H7: Rural | I7: Forte | J7: CADET | K7: Insuffisant | L7: NON
A8: =CONCATENATE(Tableau4[[#This Row],[DPT2]]," - ",Tableau4[[#This Row],[COMMUNE]]) -> 33 - Arbanats | B8: 33 | C8: 33007 | D8: CC Convergence Garonne | E8: Arbanats | F8: NON | G8: 1335 | H8: Urbain | I8: Faible | J8: - | K8: Restreint | L8: NON
A9: =CONCATENATE(Tableau4[[#This Row],[DPT2]]," - ",Tableau4[[#This Row],[COMMUNE]]) -> 33 - Arcachon | B9: 33 | C9: 33009 | D9: CA Bassin d'Arcachon Sud (COBAS) | E9: Arcachon | F9: NON | G9: 11630 | H9: Urbain | I9: Faible | J9: - | K9: Convenable | L9: NON
A10: =CONCATENATE(Tableau4[[#This Row],[DPT2]]," - ",Tableau4[[#This Row],[COMMUNE]]) -> 33 - Arcins | B10: 33 | C10: 33010 | D10: CC Médoc Estuaire | E10: Arcins | F10: OUI | G10: 529 | H10: Rural | I10: Faible | J10: - | K10: Insuffisant | L10: NON
A11: =CONCATENATE(Tableau4[[#This Row],[DPT2]]," - ",Tableau4[[#This Row],[COMMUNE]]) -> 33 - Arès | B11: 33 | C11: 33011 | D11: CA du Bassin d'Arcachon Nord | E11: Arès | F11: NON | G11: 6381 | H11: Urbain | I11: Faible | J11: - | K11: Convenable | L11: NON
A12: =CONCATENATE(Tableau4[[#This Row],[DPT2]]," - ",Tableau4[[#This Row],[COMMUNE]]) -> 33 - Arsac | B12: 33 | C12: 33012 | D12: CC Médoc Estuaire | E12: Arsac | F12: OUI | G12: 3747 | H12: Rural | I12: Faible | J12: - | K12: Moyen | L12: NON
A13: =CONCATENATE(Tableau4[[#This Row],[DPT2]]," - ",Tableau4[[#This Row],[COMMUNE]]) -> 33 - Artigues-près-Bordeaux | B13: 33 | C13: 33013 | D13: Bordeaux Métropole | E13: Artigues-près-Bordeaux | F13: NON | G13: 8656 | H13: Urbain | I13: Faible | J13: - | K13: Moyen | L13: NON
A14: =CONCATENATE(Tableau4[[#This Row],[DPT2]]," - ",Tableau4[[#This Row],[COMMUNE]]) -> 33 - Arveyres | B14: 33 | C14: 33015 | D14: CA du Libournais | E14: Arveyres | F14: NON | G14: 1992 | H14: Urbain | I14: Moyenne | J14: - | K14: Restreint | L14: 46077
A15: =CONCATENATE(Tableau4[[#This Row],[DPT2]]," - ",Tableau4[[#This Row],[COMMUNE]]) -> 33 - Asques | B15: 33 | C15: 33016 | D15: CC du Fronsadais | E15: Asques | F15: OUI | G15: 443 | H15: Rural | I15: Faible | J15: - | K15: Insuffisant | L15: 46077
A16: =CONCATENATE(Tableau4[[#This Row],[DPT2]]," - ",Tableau4[[#This Row],[COMMUNE]]) -> 33 - Aubiac | B16: 33 | C16: 33017 | D16: CC du Bazadais | E16: Aubiac | F16: OUI | G16: 276 | H16: Rural | I16: Moyenne | J16: - | K16: Insuffisant | L16: NON
A17: =CONCATENATE(Tableau4[[#This Row],[DPT2]]," - ",Tableau4[[#This Row],[COMMUNE]]) -> 33 - Audenge | B17: 33 | C17: 33019 | D17: CA du Bassin d'Arcachon Nord | E17: Audenge | F17: NON | G17: 8680 | H17: Urbain | I17: Faible | J17: - | K17: Moyen | L17: NON
A18: =CONCATENATE(Tableau4[[#This Row],[DPT2]]," - ",Tableau4[[#This Row],[COMMUNE]]) -> 33 - Auriolles | B18: 33 | C18: 33020 | D18: CC du Pays Foyen | E18: Auriolles | F18: OUI | G18: 143 | H18: Rural | I18: Forte | J18: - | K18: Insuffisant | L18: NON
A19: =CONCATENATE(Tableau4[[#This Row],[DPT2]]," - ",Tableau4[[#This Row],[COMMUNE]]) -> 33 - Auros | B19: 33 | C19: 33021 | D19: CC du Réolais en Sud Gironde | E19: Auros | F19: OUI | G19: 1049 | H19: Rural | I19: Forte | J19: - | K19: Restreint | L19: NON
A20: =CONCATENATE(Tableau4[[#This Row],[DPT2]]," - ",Tableau4[[#This Row],[COMMUNE]]) -> 33 - Avensan | B20: 33 | C20: 33022 | D20: CC Médullienne | E20: Avensan | F20: OUI | G20: 3018 | H20: Rural | I20: Faible | J20: - | K20: Restreint | L20: NON
A21: =CONCATENATE(Tableau4[[#This Row],[DPT2]]," - ",Tableau4[[#This Row],[COMMUNE]]) -> 33 - Ayguemorte-les-Graves | B21: 33 | C21: 33023 | D21: CC de Montesquieu | E21: Ayguemorte-les-Graves | F21: NON | G21: 1332 | H21: Urbain | I21: Faible | J21: - | K21: Restreint | L21: 46116
A22: =CONCATENATE(Tableau4[[#This Row],[DPT2]]," - ",Tableau4[[#This Row],[COMMUNE]]) -> 33 - Bagas | B22: 33 | C22: 33024 | D22: CC du Réolais en Sud Gironde | E22: Bagas | F22: OUI | G22: 301 | H22: Rural | I22: Forte | J22: - | K22: Insuffisant | L22: 46077
A23: =CONCATENATE(Tableau4[[#This Row],[DPT2]]," - ",Tableau4[[#This Row],[COMMUNE]]) -> 33 - Baigneaux | B23: 33 | C23: 33025 | D23: CC rurales de l'Entre-Deux-Mers | E23: Baigneaux | F23: OUI | G23: 450 | H23: Rural | I23: Moyenne | J23: - | K23: Insuffisant | L23: NON
A24: =CONCATENATE(Tableau4[[#This Row],[DPT2]]," - ",Tableau4[[#This Row],[COMMUNE]]) -> 33 - Balizac | B24: 33 | C24: 33026 | D24: CC du Sud Gironde | E24: Balizac | F24: OUI | G24: 497 | H24: Rural | I24: Moyenne | J24: - | K24: Insuffisant | L24: NON
A25: =CONCATENATE(Tableau4[[#This Row],[DPT2]]," - ",Tableau4[[#This Row],[COMMUNE]]) -> 33 - Barie | B25: 33 | C25: 33027 | D25: CC du Réolais en Sud Gironde | E25: Barie | F25: OUI | G25: 289 | H25: Rural | I25: Forte | J25: - | K25: Insuffisant | L25: 46077
A26: =CONCATENATE(Tableau4[[#This Row],[DPT2]]," - ",Tableau4[[#This Row],[COMMUNE]]) -> 33 - Baron | B26: 33 | C26: 33028 | D26: CC du Créonnais | E26: Baron | F26: OUI | G26: 1170 | H26: Rural | I26: Faible | J26: - | K26: Restreint | L26: NON
A27: =CONCATENATE(Tableau4[[#This Row],[DPT2]]," - ",Tableau4[[#This Row],[COMMUNE]]) -> 33 - Barsac | B27: 33 | C27: 33030 | D27: CC Convergence Garonne | E27: Barsac | F27: OUI | G27: 2074 | H27: Rural | I27: Faible | J27: - | K27: Restreint | L27: 46077
A28: =CONCATENATE(Tableau4[[#This Row],[DPT2]]," - ",Tableau4[[#This Row],[COMMUNE]]) -> 33 - Bassanne | B28: 33 | C28: 33031 | D28: CC du Réolais en Sud Gironde | E28: Bassanne | F28: OUI | G28: 131 | H28: Rural | I28: Forte | J28: - | K28: Insuffisant | L28: 46077
A29: =CONCATENATE(Tableau4[[#This Row],[DPT2]]," - ",Tableau4[[#This Row],[COMMUNE]]) -> 33 - Bassens | B29: 33 | C29: 33032 | D29: Bordeaux Métropole | E29: Bassens | F29: SI QPV | G29: 7472 | H29: Urbain | I29: Faible | J29: - | K29: Moyen | L29: NON
A30: =CONCATENATE(Tableau4[[#This Row],[DPT2]]," - ",Tableau4[[#This Row],[COMMUNE]]) -> 33 - Baurech | B30: 33 | C30: 33033 | D30: CC des Portes de l'Entre-Deux-Mers | E30: Baurech | F30: OUI | G30: 919 | H30: Rural | I30: Faible | J30: - | K30: Insuffisant | L30: NON
A31: =CONCATENATE(Tableau4[[#This Row],[DPT2]]," - ",Tableau4[[#This Row],[COMMUNE]]) -> 33 - Bayas | B31: 33 | C31: 33034 | D31: CA du Libournais | E31: Bayas | F31: OUI | G31: 460 | H31: Rural | I31: Moyenne | J31: - | K31: Insuffisant | L31: NON
A32: =CONCATENATE(Tableau4[[#This Row],[DPT2]]," - ",Tableau4[[#This Row],[COMMUNE]]) -> 33 - Bayon-sur-Gironde | B32: 33 | C32: 33035 | D32: CC de Blaye | E32: Bayon-sur-Gironde | F32: OUI | G32: 721 | H32: Rural | I32: Moyenne | J32: CADET | K32: Insuffisant | L32: 46077
A33: =CONCATENATE(Tableau4[[#This Row],[DPT2]]," - ",Tableau4[[#This Row],[COMMUNE]]) -> 33 - Bazas | B33: 33 | C33: 33036 | D33: CC du Bazadais | E33: Bazas | F33: OUI | G33: 4801 | H33: Rural | I33: Moyenne | J33: - | K33: Moyen | L33: NON
A34: =CONCATENATE(Tableau4[[#This Row],[DPT2]]," - ",Tableau4[[#This Row],[COMMUNE]]) -> 33 - Beautiran | B34: 33 | C34: 33037 | D34: CC de Montesquieu | E34: Beautiran | F34: NON | G34: 2330 | H34: Urbain | I34: Faible | J34: - | K34: Restreint | L34: NON
A35: =CONCATENATE(Tableau4[[#This Row],[DPT2]]," - ",Tableau4[[#This Row],[COMMUNE]]) -> 33 - Bégadan | B35: 33 | C35: 33038 | D35: CC Médoc Coeur de Presqu'île | E35: Bégadan | F35: OUI | G35: 915 | H35: Rural | I35: Moyenne | J35: - | K35: Restreint | L35: NON
A36: =CONCATENATE(Tableau4[[#This Row],[DPT2]]," - ",Tableau4[[#This Row],[COMMUNE]]) -> 33 - Bègles | B36: 33 | C36: 33039 | D36: Bordeaux Métropole | E36: Bègles | F36: SI QPV | G36: 30642 | H36: Urbain | I36: Faible | J36: - | K36: Convenable | L36: NON
A37: =CONCATENATE(Tableau4[[#This Row],[DPT2]]," - ",Tableau4[[#This Row],[COMMUNE]]) -> 33 - Béguey | B37: 33 | C37: 33040 | D37: CC Convergence Garonne | E37: Béguey | F37: OUI | G37: 1202 | H37: Rural | I37: Faible | J37: - | K37: Restreint | L37: 46077
A38: =CONCATENATE(Tableau4[[#This Row],[DPT2]]," - ",Tableau4[[#This Row],[COMMUNE]]) -> 33 - Belin-Béliet | B38: 33 | C38: 33042 | D38: CC du Val de l'Eyre | E38: Belin-Béliet | F38: OUI | G38: 5732 | H38: Rural | I38: Faible | J38: - | K38: Moyen | L38: 46077
A39: =CONCATENATE(Tableau4[[#This Row],[DPT2]]," - ",Tableau4[[#This Row],[COMMUNE]]) -> 33 - Bellebat | B39: 33 | C39: 33043 | D39: CC rurales de l'Entre-Deux-Mers | E39: Bellebat | F39: OUI | G39: 278 | H39: Rural | I39: Moyenne | J39: - | K39: Insuffisant | L39: NON
A40: =CONCATENATE(Tableau4[[#This Row],[DPT2]]," - ",Tableau4[[#This Row],[COMMUNE]]) -> 33 - Bellefond | B40: 33 | C40: 33044 | D40: CC rurales de l'Entre-Deux-Mers | E40: Bellefond | F40: OUI | G40: 220 | H40: Rural | I40: Moyenne | J40: - | K40: Insuffisant | L40: NON
A41: =CONCATENATE(Tableau4[[#This Row],[DPT2]]," - ",Tableau4[[#This Row],[COMMUNE]]) -> 33 - Belvès-de-Castillon | B41: 33 | C41: 33045 | D41: CC du Grand Saint Emilionnais | E41: Belvès-de-Castillon | F41: OUI | G41: 335 | H41: Rural | I41: Faible | J41: - | K41: Insuffisant | L41: NON
A42: =CONCATENATE(Tableau4[[#This Row],[DPT2]]," - ",Tableau4[[#This Row],[COMMUNE]]) -> 33 - Bernos-Beaulac | B42: 33 | C42: 33046 | D42: CC du Bazadais | E42: Bernos-Beaulac | F42: OUI | G42: 1125 | H42: Rural | I42: Moyenne | J42: - | K42: Restreint | L42: NON
A43: =CONCATENATE(Tableau4[[#This Row],[DPT2]]," - ",Tableau4[[#This Row],[COMMUNE]]) -> 33 - Berson | B43: 33 | C43: 33047 | D43: CC de Blaye | E43: Berson | F43: OUI | G43: 1812 | H43: Rural | I43: Moyenne | J43: CADET | K43: Restreint | L43: NON
A44: =CONCATENATE(Tableau4[[#This Row],[DPT2]]," - ",Tableau4[[#This Row],[COMMUNE]]) -> 33 - Berthez | B44: 33 | C44: 33048 | D44: CC du Réolais en Sud Gironde | E44: Berthez | F44: OUI | G44: 266 | H44: Rural | I44: Forte | J44: - | K44: Insuffisant | L44: NON
A45: =CONCATENATE(Tableau4[[#This Row],[DPT2]]," - ",Tableau4[[#This Row],[COMMUNE]]) -> 33 - Beychac-et-Caillau | B45: 33 | C45: 33049 | D45: CC Les rives de la Laurence | E45: Beychac-et-Caillau | F45: OUI | G45: 2489 | H45: Rural | I45: Faible | J45: - | K45: Restreint | L45: NON
A46: =CONCATENATE(Tableau4[[#This Row],[DPT2]]," - ",Tableau4[[#This Row],[COMMUNE]]) -> 33 - Bieujac | B46: 33 | C46: 33050 | D46: CC du Sud Gironde | E46: Bieujac | F46: OUI | G46: 639 | H46: Rural | I46: Moyenne | J46: - | K46: Insuffisant | L46: NON
A47: =CONCATENATE(Tableau4[[#This Row],[DPT2]]," - ",Tableau4[[#This Row],[COMMUNE]]) -> 33 - Biganos | B47: 33 | C47: 33051 | D47: CA du Bassin d'Arcachon Nord | E47: Biganos | F47: NON | G47: 10990 | H47: Urbain | I47: Faible | J47: - | K47: Convenable | L47: NON
A48: =CONCATENATE(Tableau4[[#This Row],[DPT2]]," - ",Tableau4[[#This Row],[COMMUNE]]) -> 33 - Birac | B48: 33 | C48: 33053 | D48: CC du Bazadais | E48: Birac | F48: OUI | G48: 229 | H48: Rural | I48: Moyenne | J48: - | K48: Insuffisant | L48: NON
A49: =CONCATENATE(Tableau4[[#This Row],[DPT2]]," - ",Tableau4[[#This Row],[COMMUNE]]) -> 33 - Blaignac | B49: 33 | C49: 33054 | D49: CC du Réolais en Sud Gironde | E49: Blaignac | F49: OUI | G49: 286 | H49: Rural | I49: Forte | J49: - | K49: Insuffisant | L49: 46077
A50: =CONCATENATE(Tableau4[[#This Row],[DPT2]]," - ",Tableau4[[#This Row],[COMMUNE]]) -> 33 - Blaignan-Prignac | B50: 33 | C50: 33055 | D50: CC Médoc Coeur de Presqu'île | E50: Blaignan-Prignac | F50: OUI | G50: 464 | H50: Rural | I50: Moyenne | J50: - | K50: Insuffisant | L50: NON
A51: =CONCATENATE(Tableau4[[#This Row],[DPT2]]," - ",Tableau4[[#This Row],[COMMUNE]]) -> 33 - Blanquefort | B51: 33 | C51: 33056 | D51: Bordeaux Métropole | E51: Blanquefort | F51: NON | G51: 15419 | H51: Urbain | I51: Faible | J51: - | K51: Convenable | L51: NON
A52: =CONCATENATE(Tableau4[[#This Row],[DPT2]]," - ",Tableau4[[#This Row],[COMMUNE]]) -> 33 - Blasimon | B52: 33 | C52: 33057 | D52: CC rurales de l'Entre-Deux-Mers | E52: Blasimon | F52: OUI | G52: 909 | H52: Rural | I52: Moyenne | J52: - | K52: Restreint | L52: NON
A53: =CONCATENATE(Tableau4[[#This Row],[DPT2]]," - ",Tableau4[[#This Row],[COMMUNE]]) -> 33 - Blaye | B53: 33 | C53: 33058 | D53: CC de Blaye | E53: Blaye | F53: NON | G53: 4838 | H53: Urbain | I53: Moyenne | J53: CADET | K53: Convenable | L53: 46116
A54: =CONCATENATE(Tableau4[[#This Row],[DPT2]]," - ",Tableau4[[#This Row],[COMMUNE]]) -> 33 - Blésignac | B54: 33 | C54: 33059 | D54: CC du Créonnais | E54: Blésignac | F54: OUI | G54: 306 | H54: Rural | I54: Faible | J54: - | K54: Insuffisant | L54: NON
A55: =CONCATENATE(Tableau4[[#This Row],[DPT2]]," - ",Tableau4[[#This Row],[COMMUNE]]) -> 33 - Bommes | B55: 33 | C55: 33060 | D55: CC du Sud Gironde | E55: Bommes | F55: OUI | G55: 454 | H55: Rural | I55: Moyenne | J55: - | K55: Insuffisant | L55: NON
A56: =CONCATENATE(Tableau4[[#This Row],[DPT2]]," - ",Tableau4[[#This Row],[COMMUNE]]) -> 33 - Bonnetan | B56: 33 | C56: 33061 | D56: CC les Coteaux Bordelais | E56: Bonnetan | F56: OUI | G56: 990 | H56: Rural | I56: Faible | J56: - | K56: Insuffisant | L56: NON
A57: =CONCATENATE(Tableau4[[#This Row],[DPT2]]," - ",Tableau4[[#This Row],[COMMUNE]]) -> 33 - Bonzac | B57: 33 | C57: 33062 | D57: CA du Libournais | E57: Bonzac | F57: OUI | G57: 742 | H57: Rural | I57: Moyenne | J57: - | K57: Insuffisant | L57: NON
A58: =CONCATENATE(Tableau4[[#This Row],[DPT2]]," - ",Tableau4[[#This Row],[COMMUNE]]) -> 33 - Bordeaux | B58: 33 | C58: 33063 | D58: Bordeaux Métropole | E58: Bordeaux | F58: SI QPV | G58: 260958 | H58: Urbain | I58: Faible | J58: - | K58: Satisfaisant | L58: NON
A59: =CONCATENATE(Tableau4[[#This Row],[DPT2]]," - ",Tableau4[[#This Row],[COMMUNE]]) -> 33 - Bossugan | B59: 33 | C59: 33064 | D59: CC Castillon/Pujols | E59: Bossugan | F59: OUI | G59: 38 | H59: Rural | I59: Forte | J59: - | K59: Insuffisant | L59: NON
A60: =CONCATENATE(Tableau4[[#This Row],[DPT2]]," - ",Tableau4[[#This Row],[COMMUNE]]) -> 33 - Bouliac | B60: 33 | C60: 33065 | D60: Bordeaux Métropole | E60: Bouliac | F60: NON | G60: 3706 | H60: Urbain | I60: Faible | J60: - | K60: Moyen | L60: NON
A61: =CONCATENATE(Tableau4[[#This Row],[DPT2]]," - ",Tableau4[[#This Row],[COMMUNE]]) -> 33 - Bourdelles | B61: 33 | C61: 33066 | D61: CC du Réolais en Sud Gironde | E61: Bourdelles | F61: OUI | G61: 90 | H61: Rural | I61: Forte | J61: - | K61: Insuffisant | L61: 46077
A62: =CONCATENATE(Tableau4[[#This Row],[DPT2]]," - ",Tableau4[[#This Row],[COMMUNE]]) -> 33 - Bourg | B62: 33 | C62: 33067 | D62: CC du Grand Cubzaguais | E62: Bourg | F62: OUI | G62: 2278 | H62: Rural | I62: Faible | J62: CADET | K62: Moyen | L62: 46077
A63: =CONCATENATE(Tableau4[[#This Row],[DPT2]]," - ",Tableau4[[#This Row],[COMMUNE]]) -> 33 - Bourideys | B63: 33 | C63: 33068 | D63: CC du Sud Gironde | E63: Bourideys | F63: OUI | G63: 93 | H63: Rural | I63: Moyenne | J63: - | K63: Insuffisant | L63: NON
A64: =CONCATENATE(Tableau4[[#This Row],[DPT2]]," - ",Tableau4[[#This Row],[COMMUNE]]) -> 33 - Brach | B64: 33 | C64: 33070 | D64: CC Médullienne | E64: Brach | F64: OUI | G64: 786 | H64: Rural | I64: Faible | J64: - | K64: Insuffisant | L64: NON
A65: =CONCATENATE(Tableau4[[#This Row],[DPT2]]," - ",Tableau4[[#This Row],[COMMUNE]]) -> 33 - Branne | B65: 33 | C65: 33071 | D65: CC Castillon/Pujols | E65: Branne | F65: OUI | G65: 1307 | H65: Rural | I65: Forte | J65: - | K65: Restreint | L65: 46077
A66: =CONCATENATE(Tableau4[[#This Row],[DPT2]]," - ",Tableau4[[#This Row],[COMMUNE]]) -> 33 - Brannens | B66: 33 | C66: 33072 | D66: CC du Réolais en Sud Gironde | E66: Brannens | F66: OUI | G66: 241 | H66: Rural | I66: Forte | J66: - | K66: Insuffisant | L66: NON
A67: =CONCATENATE(Tableau4[[#This Row],[DPT2]]," - ",Tableau4[[#This Row],[COMMUNE]]) -> 33 - Braud-et-Saint-Louis | B67: 33 | C67: 33073 | D67: CC de l'Estuaire | E67: Braud-et-Saint-Louis | F67: OUI | G67: 1535 | H67: Rural | I67: Forte | J67: CADET | K67: Restreint | L67: NON
A68: =CONCATENATE(Tableau4[[#This Row],[DPT2]]," - ",Tableau4[[#This Row],[COMMUNE]]) -> 33 - Brouqueyran | B68: 33 | C68: 33074 | D68: CC du Réolais en Sud Gironde | E68: Brouqueyran | F68: OUI | G68: 202 | H68: Rural | I68: Forte | J68: - | K68: Insuffisant | L68: NON
A69: =CONCATENATE(Tableau4[[#This Row],[DPT2]]," - ",Tableau4[[#This Row],[COMMUNE]]) -> 33 - Bruges | B69: 33 | C69: 33075 | D69: Bordeaux Métropole | E69: Bruges | F69: NON | G69: 19403 | H69: Urbain | I69: Faible | J69: - | K69: Convenable | L69: NON
A70: =CONCATENATE(Tableau4[[#This Row],[DPT2]]," - ",Tableau4[[#This Row],[COMMUNE]]) -> 33 - Budos | B70: 33 | C70: 33076 | D70: CC Convergence Garonne | E70: Budos | F70: OUI | G70: 808 | H70: Rural | I70: Faible | J70: - | K70: Insuffisant | L70: NON
A71: =CONCATENATE(Tableau4[[#This Row],[DPT2]]," - ",Tableau4[[#This Row],[COMMUNE]]) -> 33 - Cabanac-et-Villagrains | B71: 33 | C71: 33077 | D71: CC de Montesquieu | E71: Cabanac-et-Villagrains | F71: OUI | G71: 2413 | H71: Rural | I71: Faible | J71: - | K71: Restreint | L71: NON
A72: =CONCATENATE(Tableau4[[#This Row],[DPT2]]," - ",Tableau4[[#This Row],[COMMUNE]]) -> 33 - Cabara | B72: 33 | C72: 33078 | D72: CC Castillon/Pujols | E72: Cabara | F72: OUI | G72: 507 | H72: Rural | I72: Forte | J72: - | K72: Insuffisant | L72: 46077
A73: =CONCATENATE(Tableau4[[#This Row],[DPT2]]," - ",Tableau4[[#This Row],[COMMUNE]]) -> 33 - Cadarsac | B73: 33 | C73: 33079 | D73: CA du Libournais | E73: Cadarsac | F73: OUI | G73: 356 | H73: Rural | I73: Moyenne | J73: - | K73: Insuffisant | L73: NON
A74: =CONCATENATE(Tableau4[[#This Row],[DPT2]]," - ",Tableau4[[#This Row],[COMMUNE]]) -> 33 - Cadaujac | B74: 33 | C74: 33080 | D74: CC de Montesquieu | E74: Cadaujac | F74: NON | G74: 6464 | H74: Urbain | I74: Faible | J74: - | K74: Moyen | L74: NON
A75: =CONCATENATE(Tableau4[[#This Row],[DPT2]]," - ",Tableau4[[#This Row],[COMMUNE]]) -> 33 - Cadillac | B75: 33 | C75: 33081 | D75: CC Convergence Garonne | E75: Cadillac | F75: OUI | G75: 2836 | H75: Rural | I75: Faible | J75: - | K75: Moyen | L75: 46077
A76: =CONCATENATE(Tableau4[[#This Row],[DPT2]]," - ",Tableau4[[#This Row],[COMMUNE]]) -> 33 - Cadillac-en-Fronsadais | B76: 33 | C76: 33082 | D76: CC du Fronsadais | E76: Cadillac-en-Fronsadais | F76: NON | G76: 1331 | H76: Urbain | I76: Faible | J76: - | K76: Restreint | L76: NON
A77: =CONCATENATE(Tableau4[[#This Row],[DPT2]]," - ",Tableau4[[#This Row],[COMMUNE]]) -> 33 - Camarsac | B77: 33 | C77: 33083 | D77: CC les Coteaux Bordelais | E77: Camarsac | F77: OUI | G77: 1019 | H77: Rural | I77: Faible | J77: - | K77: Insuffisant | L77: NON
A78: =CONCATENATE(Tableau4[[#This Row],[DPT2]]," - ",Tableau4[[#This Row],[COMMUNE]]) -> 33 - Cambes | B78: 33 | C78: 33084 | D78: CC des Portes de l'Entre-Deux-Mers | E78: Cambes | F78: NON | G78: 1732 | H78: Urbain | I78: Faible | J78: - | K78: Restreint | L78: NON
A79: =CONCATENATE(Tableau4[[#This Row],[DPT2]]," - ",Tableau4[[#This Row],[COMMUNE]]) -> 33 - Camblanes-et-Meynac | B79: 33 | C79: 33085 | D79: CC des Portes de l'Entre-Deux-Mers | E79: Camblanes-et-Meynac | F79: NON | G79: 2984 | H79: Urbain | I79: Faible | J79: - | K79: Moyen | L79: NON
A80: =CONCATENATE(Tableau4[[#This Row],[DPT2]]," - ",Tableau4[[#This Row],[COMMUNE]]) -> 33 - Camiac-et-Saint-Denis | B80: 33 | C80: 33086 | D80: CC du Créonnais | E80: Camiac-et-Saint-Denis | F80: OUI | G80: 360 | H80: Rural | I80: Faible | J80: - | K80: Insuffisant | L80: NON
A81: =CONCATENATE(Tableau4[[#This Row],[DPT2]]," - ",Tableau4[[#This Row],[COMMUNE]]) -> 33 - Camiran | B81: 33 | C81: 33087 | D81: CC du Réolais en Sud Gironde | E81: Camiran | F81: OUI | G81: 414 | H81: Rural | I81: Forte | J81: - | K81: Insuffisant | L81: NON
A82: =CONCATENATE(Tableau4[[#This Row],[DPT2]]," - ",Tableau4[[#This Row],[COMMUNE]]) -> 33 - Camps-sur-l'Isle | B82: 33 | C82: 33088 | D82: CA du Libournais | E82: Camps-sur-l'Isle | F82: OUI | G82: 598 | H82: Rural | I82: Moyenne | J82: - | K82: Insuffisant | L82: NON
A83: =CONCATENATE(Tableau4[[#This Row],[DPT2]]," - ",Tableau4[[#This Row],[COMMUNE]]) -> 33 - Campugnan | B83: 33 | C83: 33089 | D83: CC de Blaye | E83: Campugnan | F83: OUI | G83: 503 | H83: Rural | I83: Moyenne | J83: CADET | K83: Insuffisant | L83: NON
A84: =CONCATENATE(Tableau4[[#This Row],[DPT2]]," - ",Tableau4[[#This Row],[COMMUNE]]) -> 33 - Canéjan | B84: 33 | C84: 33090 | D84: CC Jalle-Eau-Bourde | E84: Canéjan | F84: NON | G84: 6061 | H84: Urbain | I84: Faible | J84: - | K84: Moyen | L84: NON
A85: =CONCATENATE(Tableau4[[#This Row],[DPT2]]," - ",Tableau4[[#This Row],[COMMUNE]]) -> 33 - Capian | B85: 33 | C85: 33093 | D85: CC du Créonnais | E85: Capian | F85: OUI | G85: 775 | H85: Rural | I85: Faible | J85: - | K85: Insuffisant | L85: NON
A86: =CONCATENATE(Tableau4[[#This Row],[DPT2]]," - ",Tableau4[[#This Row],[COMMUNE]]) -> 33 - Caplong | B86: 33 | C86: 33094 | D86: CC du Pays Foyen | E86: Caplong | F86: OUI | G86: 217 | H86: Rural | I86: Forte | J86: - | K86: Insuffisant | L86: NON
A87: =CONCATENATE(Tableau4[[#This Row],[DPT2]]," - ",Tableau4[[#This Row],[COMMUNE]]) -> 33 - Captieux | B87: 33 | C87: 33095 | D87: CC du Bazadais | E87: Captieux | F87: OUI | G87: 1358 | H87: Rural | I87: Moyenne | J87: - | K87: Restreint | L87: NON
... A93: =CONCATENATE(Tableau4[[#This Row],[DPT2]]," - ",Tableau4[[#This Row],[COMMUNE]]) -> 33 - Cartelègue | B93: 33 | C93: 33101 | D93: CC de l'Estuaire | E93: Cartelègue | F93: OUI | G93: 1233 | H93: Rural | I93: Forte | J93: CADET | K93: Restreint | L93: NON
A94: =CONCATENATE(Tableau4[[#This Row],[DPT2]]," - ",Tableau4[[#This Row],[COMMUNE]]) -> 33 - Casseuil | B94: 33 | C94: 33102 | D94: CC du Réolais en Sud Gironde | E94: Casseuil | F94: OUI | G94: 383 | H94: Rural | I94: Forte | J94: - | K94: Insuffisant | L94: 46077
A95: =CONCATENATE(Tableau4[[#This Row],[DPT2]]," - ",Tableau4[[#This Row],[COMMUNE]]) -> 33 - Castelmoron-d'Albret | B95: 33 | C95: 33103 | D95: CC rurales de l'Entre-Deux-Mers | E95: Castelmoron-d'Albret | F95: OUI | G95: 53 | H95: Rural | I95: Moyenne | J95: - | K95: Insuffisant | L95: NON
A96: =CONCATENATE(Tableau4[[#This Row],[DPT2]]," - ",Tableau4[[#This Row],[COMMUNE]]) -> 33 - Castelnau-de-Médoc | B96: 33 | C96: 33104 | D96: CC Médullienne | E96: Castelnau-de-Médoc | F96: OUI | G96: 4804 | H96: Rural | I96: Faible | J96: - | K96: Moyen | L96: NON
A97: =CONCATENATE(Tableau4[[#This Row],[DPT2]]," - ",Tableau4[[#This Row],[COMMUNE]]) -> 33 - Castelviel | B97: 33 | C97: 33105 | D97: CC rurales de l'Entre-Deux-Mers | E97: Castelviel | F97: OUI | G97: 222 | H97: Rural | I97: Moyenne | J97: - | K97: Insuffisant | L97: NON
A98: =CONCATENATE(Tableau4[[#This Row],[DPT2]]," - ",Tableau4[[#This Row],[COMMUNE]]) -> 33 - Castets et Castillon | B98: 33 | C98: 33106 | D98: CC du Sud Gironde | E98: Castets et Castillon | F98: OUI | G98: 1454 | H98: Rural | I98: Moyenne | J98: - | K98: Restreint | L98: 46077
A99: =CONCATENATE(Tableau4[[#This Row],[DPT2]]," - ",Tableau4[[#This Row],[COMMUNE]]) -> 33 - Castillon-la-Bataille | B99: 33 | C99: 33108 | D99: CC Castillon/Pujols | E99: Castillon-la-Bataille | F99: OUI | G99: 3194 | H99: Rural | I99: Forte | J99: REVITAL | K99: Moyen | L99: 46077
A100: =CONCATENATE(Tableau4[[#This Row],[DPT2]]," - ",Tableau4[[#This Row],[COMMUNE]]) -> 33 - Castres-Gironde | B100: 33 | C100: 33109 | D100: CC de Montesquieu | E100: Castres-Gironde | F100: NON | G100: 2391 | H100: Urbain | I100: Faible | J100: - | K100: Restreint | L100: NON
A101: =CONCATENATE(Tableau4[[#This Row],[DPT2]]," - ",Tableau4[[#This Row],[COMMUNE]]) -> 33 - Caudrot | B101: 33 | C101: 33111 | D101: CC du Réolais en Sud Gironde | E101: Caudrot | F101: OUI | G101: 1117 | H101: Rural | I101: Forte | J101: - | K101: Restreint | L101: 46077
A102: =CONCATENATE(Tableau4[[#This Row],[DPT2]]," - ",Tableau4[[#This Row],[COMMUNE]]) -> 33 - Caumont | B102: 33 | C102: 33112 | D102: CC rurales de l'Entre-Deux-Mers | E102: Caumont | F102: OUI | G102: 142 | H102: Rural | I102: Moyenne | J102: - | K102: Insuffisant | L102: NON
A103: =CONCATENATE(Tableau4[[#This Row],[DPT2]]," - ",Tableau4[[#This Row],[COMMUNE]]) -> 33 - Cauvignac | B103: 33 | C103: 33113 | D103: CC du Bazadais | E103: Cauvignac | F103: OUI | G103: 154 | H103: Rural | I103: Moyenne | J103: - | K103: Insuffisant | L103: NON
A104: =CONCATENATE(Tableau4[[#This Row],[DPT2]]," - ",Tableau4[[#This Row],[COMMUNE]]) -> 33 - Cavignac | B104: 33 | C104: 33114 | D104: CC Latitude Nord Gironde | E104: Cavignac | F104: OUI | G104: 2198 | H104: Rural | I104: Moyenne | J104: CADET | K104: Moyen | L104: NON
A105: =CONCATENATE(Tableau4[[#This Row],[DPT2]]," - ",Tableau4[[#This Row],[COMMUNE]]) -> 33 - Cazalis | B105: 33 | C105: 33115 | D105: CC du Sud Gironde | E105: Cazalis | F105: OUI | G105: 236 | H105: Rural | I105: Moyenne | J105: - | K105: Insuffisant | L105: NON
...

Sheet Feuil1
A1: 46079 | E1: ETAT CATASTROPHE NATURELLE 09/02/26 AU 24/02/26 - LISTE DES COMMUNES & ELIGIBILITE CSQ
A2: DPT com | B2: DPT2 | C2: CODE | D2: EPCI | E2: COMMUNE | F2: ELIGIBILITE | G2: POPULATION | H2: RURAL OU URBAIN | I2: Vulnérabilité DATAR | J2: Spécificité | K2: Niveau Equipement | L2: Arrêté
A3: 16 - Agris | B3: 16 | C3: 16003 | D3: CC La Rochefoucauld porte du Périgord | E3: Agris | F3: Eligible | G3: 857 | H3: Rural | I3: Moyenne | J3: - | K3: Insuffisant | L3: 46077
A4: 16 - Aigre | B4: 16 | C4: 16005 | D4: CC Coeur de Charente | E4: Aigre | F4: Eligible | G4: 1579 | H4: Rural | I4: Moyenne | K4: Moyen | L4: 46084
A5: 16 - Ambérac | B5: 16 | C5: 16008 | D5: CC Coeur de Charente | E5: Ambérac | F5: Eligible | G5: 310 | H5: Rural | I5: Moyenne | K5: Insuffisant | L5: 46084
A6: 16 - Angeac-Charente | B6: 16 | C6: 16013 | D6: CA du Grand Cognac | E6: Angeac-Charente | F6: Eligible | G6: 319 | H6: Rural | I6: Faible | J6: - | K6: Insuffisant | L6: 46084
A7: 16 - Angoulême | B7: 16 | C7: 16015 | D7: CA du Grand Angoulême | E7: Angoulême | F7: Non éligible | G7: 41603 | H7: Urbain | I7: Faible | J7: - | K7: Satisfaisant | L7: 46084
A8: 16 - Aubeterre-sur-Dronne | B8: 16 | C8: 16020 | D8: CC Lavalette Tude Dronne | E8: Aubeterre-sur-Dronne | F8: Eligible | G8: 347 | H8: Rural | I8: Forte | J8: - | K8: Restreint | L8: 46084
A9: 17 - Saint-Hilaire-du-Bois | B9: 17 | C9: 17345 | D9: CC de la Haute Saintonge | E9: Saint-Hilaire-du-Bois | F9: Eligible | G9: 309 | H9: Rural | I9: Forte | J9: - | K9: Insuffisant | L9: 46116
A10: 17 - Bazauges | B10: 17 | C10: 17035 | D10: CC Vals de Saintonge Communauté | E10: Bazauges | F10: Eligible | G10: 112 | H10: Rural | I10: Forte | J10: - | K10: Insuffisant | L10: 46116
A11: 16 - Soyaux | B11: 16 | C11: 16374 | D11: CA du Grand Angoulême | E11: Soyaux | F11: Non éligible | G11: 9761 | H11: Urbain | I11: Faible | J11: - | K11: Convenable | L11: 46116
A12: 16 - Cellefrouin | B12: 16 | C12: 16068 | D12: CC Coeur de Charente | E12: Cellefrouin | F12: Eligible | G12: 565 | H12: Rural | I12: Moyenne | K12: Insuffisant | L12: 46099
A13: 16 - Bourg-Charente | B13: 16 | C13: 16056 | D13: CA du Grand Cognac | E13: Bourg-Charente | F13: Eligible | G13: 891 | H13: Rural | I13: Faible | J13: - | K13: Restreint | L13: 46084
A14: 16 - Boutiers-Saint-Trojan | B14: 16 | C14: 16058 | D14: CA du Grand Cognac | E14: Boutiers-Saint-Trojan | F14: Eligible | G14: 1410 | H14: Rural | I14: Faible | J14: - | K14: Insuffisant | L14: 46077
A15: 16 - Chalais | B15: 16 | C15: 16073 | D15: CC Lavalette Tude Dronne | E15: Chalais | F15: Eligible | G15: 1776 | H15: Rural | I15: Forte | J15: - | K15: Moyen | L15: 46084
A16: 16 - Chasseneuil-sur-Bonnieure | B16: 16 | C16: 16085 | D16: CC de Charente Limousine | E16: Chasseneuil-sur-Bonnieure | F16: Eligible | G16: 3083 | H16: Rural | I16: Forte | K16: Moyen | L16: 46084
A17: 16 - Saint-Brice | B17: 16 | C17: 16304 | D17: CA du Grand Cognac | E17: Saint-Brice | F17: Eligible | G17: 963 | H17: Rural | I17: Faible | J17: - | K17: Insuffisant | L17: 46099
A18: 16 - Châteaubernard | B18: 16 | C18: 16089 | D18: CA du Grand Cognac | E18: Châteaubernard | F18: Non éligible | G18: 3746 | H18: Urbain | I18: Faible | J18: - | K18: Moyen | L18: 46084
A19: 16 - Châteauneuf-sur-Charente | B19: 16 | C19: 16090 | D19: CA du Grand Cognac | E19: Châteauneuf-sur-Charente | F19: Eligible | G19: 3537 | H19: Rural | I19: Faible | J19: - | K19: Moyen | L19: 46077
A20: 16 - Cherves-Châtelars | B20: 16 | C20: 16096 | D20: CC de Charente Limousine | E20: Cherves-Châtelars | F20: Eligible | G20: 418 | H20: Rural | I20: Forte | K20: Insuffisant | L20: 46084
A21: 16 - Yvrac-et-Malleyrand | B21: 16 | C21: 16425 | D21: CC La Rochefoucauld porte du Périgord | E21: Yvrac-et-Malleyrand | F21: Eligible | G21: 557 | H21: Rural | I21: Moyenne | J21: - | K21: Insuffisant | L21: 46099
A22: 16 - Cognac | B22: 16 | C22: 16102 | D22: CA du Grand Cognac | E22: Cognac | F22: Non éligible | G22: 18670 | H22: Urbain | I22: Faible | J22: - | K22: Convenable | L22: 46077
A23: 16 - Confolens | B23: 16 | C23: 16106 | D23: CC de Charente Limousine | E23: Confolens | F23: Eligible | G23: 2712 | H23: Rural | I23: Forte | J23: REVITAL | K23: Moyen | L23: 46084
A24: 16 - Fléac | B24: 16 | C24: 16138 | D24: CA du Grand Angoulême | E24: Fléac | F24: Non éligible | G24: 3818 | H24: Urbain | I24: Faible | J24: - | K24: Restreint | L24: 46077
A25: 16 - Fouqueure | B25: 16 | C25: 16144 | D25: CC Coeur de Charente | E25: Fouqueure | F25: Eligible | G25: 421 | H25: Rural | I25: Moyenne | K25: Insuffisant | L25: 46077
A26: 16 - Genac-Bignac | B26: 16 | C26: 16148 | D26: CC du Rouillacais | E26: Genac-Bignac | F26: Eligible | G26: 1011 | H26: Rural | I26: Moyenne | J26: - | K26: Insuffisant | L26: 46084
A27: 16 - Gond-Pontouvre | B27: 16 | C27: 16154 | D27: CA du Grand Angoulême | E27: Gond-Pontouvre | F27: Non éligible | G27: 6119 | H27: Urbain | I27: Faible | J27: - | K27: Moyen | L27: 46084
A28: 16 - Graves-Saint-Amant | B28: 16 | C28: 16297 | D28: CA du Grand Cognac | E28: Graves-Saint-Amant | F28: Eligible | G28: 329 | H28: Rural | I28: Faible | J28: - | K28: Insuffisant | L28: 46084
A29: 16 - Jarnac | B29: 16 | C29: 16167 | D29: CA du Grand Cognac | E29: Jarnac | F29: Eligible | G29: 4434 | H29: Rural | I29: Faible | J29: - | K29: Moyen | L29: 46077
A30: 16 - Javrezac | B30: 16 | C30: 16169 | D30: CA du Grand Cognac | E30: Javrezac | F30: Eligible | G30: 563 | H30: Rural | I30: Faible | J30: - | K30: Insuffisant | L30: 46077
A31: 16 - La Chapelle | B31: 16 | C31: 16081 | D31: CC Coeur de Charente | E31: La Chapelle | F31: Eligible | G31: 215 | H31: Rural | I31: Moyenne | K31: Insuffisant | L31: 46077
A32: 16 - La Rochefoucauld-en-Angoumois | B32: 16 | C32: 16281 | D32: CC La Rochefoucauld porte du Périgord | E32: La Rochefoucauld-en-Angoumois | F32: Eligible | G32: 3977 | H32: Rural | I32: Moyenne | J32: - | K32: Moyen | L32: 46084
A33: 24 - Saint-Amand-de-Vergt | B33: 24 | C33: 24365 | D33: CA Le Grand Périgueux | E33: Saint-Amand-de-Vergt | F33: Eligible | G33: 240 | H33: Rural | I33: Faible | J33: - | K33: Insuffisant | L33: 46099
A34: 16 - Laprade | B34: 16 | C34: 16180 | D34: CC Lavalette Tude Dronne | E34: Laprade | F34: Eligible | G34: 247 | H34: Rural | I34: Forte | J34: - | K34: Insuffisant | L34: 46084
A35: 16 - Linars | B35: 16 | C35: 16187 | D35: CA du Grand Angoulême | E35: Linars | F35: Non éligible | G35: 2092 | H35: Urbain | I35: Faible | J35: - | K35: Restreint | L35: 46084
A36: 16 - Mainxe-Gondeville | B36: 16 | C36: 16153 | D36: CA du Grand Cognac | E36: Mainxe-Gondeville | F36: Eligible | G36: 1168 | H36: Rural | I36: Faible | J36: - | K36: Insuffisant | L36: 46084
A37: 16 - Marcillac-Lanville | B37: 16 | C37: 16207 | D37: CC du Rouillacais | E37: Marcillac-Lanville | F37: Eligible | G37: 492 | H37: Rural | I37: Moyenne | J37: - | K37: Insuffisant | L37: 46084
A38: 16 - Merpins | B38: 16 | C38: 16217 | D38: CA du Grand Cognac | E38: Merpins | F38: Eligible | G38: 1101 | H38: Rural | I38: Faible | J38: - | K38: Insuffisant | L38: 46084
A39: 16 - Montbron | B39: 16 | C39: 16223 | D39: CC La Rochefoucauld porte du Périgord | E39: Montbron | F39: Eligible | G39: 2009 | H39: Rural | I39: Moyenne | J39: - | K39: Moyen | L39: 46084
A40: 16 - Montignac-Charente | B40: 16 | C40: 16226 | D40: CC Coeur de Charente | E40: Montignac-Charente | F40: Eligible | G40: 717 | H40: Rural | I40: Moyenne | K40: Restreint | L40: 46077
A41: 16 - Mosnac-Saint-Simeux | B41: 16 | C41: 16233 | D41: CA du Grand Cognac | E41: Mosnac-Saint-Simeux | F41: Eligible | G41: 1004 | H41: Rural | I41: Faible | J41: - | K41: Insuffisant | L41: 46084
A42: 16 - Moulins-sur-Tardoire | B42: 16 | C42: 16406 | D42: CC La Rochefoucauld porte du Périgord | E42: Moulins-sur-Tardoire | F42: Eligible | G42: 770 | H42: Rural | I42: Moyenne | J42: - | K42: Insuffisant | L42: 46084
A43: 16 - Nanteuil-en-Vallée | B43: 16 | C43: 16242 | D43: CC Val de Charente | E43: Nanteuil-en-Vallée | F43: Eligible | G43: 1382 | H43: Rural | I43: Forte | K43: Restreint | L43: 46084
A44: 16 - Nersac | B44: 16 | C44: 16244 | D44: CA du Grand Angoulême | E44: Nersac | F44: Non éligible | G44: 2348 | H44: Urbain | I44: Faible | J44: - | K44: Restreint | L44: 46084
A45: 16 - Rivières | B45: 16 | C45: 16280 | D45: CC La Rochefoucauld porte du Périgord | E45: Rivières | F45: Eligible | G45: 1996 | H45: Rural | I45: Moyenne | J45: - | K45: Restreint | L45: 46084
A46: 16 - Roussines | B46: 16 | C46: 16289 | D46: CC de Charente Limousine | E46: Roussines | F46: Eligible | G46: 294 | H46: Rural | I46: Forte | K46: Insuffisant | L46: 46084
A47: 16 - Saint-Genis-d'Hiersac | B47: 16 | C47: 16320 | D47: CC du Rouillacais | E47: Saint-Genis-d'Hiersac | F47: Eligible | G47: 896 | H47: Rural | I47: Moyenne | J47: - | K47: Restreint | L47: 46084
A48: 16 - Saint-Laurent-de-Cognac | B48: 16 | C48: 16330 | D48: CA du Grand Cognac | E48: Saint-Laurent-de-Cognac | F48: Eligible | G48: 826 | H48: Rural | I48: Faible | J48: - | K48: Insuffisant | L48: 46077
A49: 16 - Saint-Même-les-Carrières | B49: 16 | C49: 16340 | D49: CA du Grand Cognac | E49: Saint-Même-les-Carrières | F49: Eligible | G49: 1032 | H49: Rural | I49: Faible | J49: - | K49: Restreint | L49: 46084
A50: 16 - Saint-Simon | B50: 16 | C50: 16352 | D50: CA du Grand Cognac | E50: Saint-Simon | F50: Eligible | G50: 216 | H50: Rural | I50: Faible | J50: - | K50: Insuffisant | L50: 46084
A51: 16 - Saint-Sornin | B51: 16 | C51: 16353 | D51: CC La Rochefoucauld porte du Périgord | E51: Saint-Sornin | F51: Eligible | G51: 787 | H51: Rural | I51: Moyenne | J51: - | K51: Insuffisant | L51: 46077
A52: 16 - Saint-Yrieix-sur-Charente | B52: 16 | C52: 16358 | D52: CA du Grand Angoulême | E52: Saint-Yrieix-sur-Charente | F52: Non éligible | G52: 7381 | H52: Urbain | I52: Faible | J52: - | K52: Moyen | L52: 46077
A53: 16 - Val-de-Bonnieure | B53: 16 | C53: 16300 | D53: CC Coeur de Charente | E53: Val-de-Bonnieure | F53: Eligible | G53: 1308 | H53: Rural | I53: Moyenne | K53: Restreint | L53: 46077
A54: 16 - Vars | B54: 16 | C54: 16393 | D54: CC Coeur de Charente | E54: Vars | F54: Eligible | G54: 2168 | H54: Rural | I54: Moyenne | K54: Restreint | L54: 46077
A55: 16 - Vibrac | B55: 16 | C55: 16402 | D55: CA du Grand Cognac | E55: Vibrac | F55: Eligible | G55: 283 | H55: Rural | I55: Faible | J55: - | K55: Insuffisant | L55: 46084
A56: 16 - Vouharte | B56: 16 | C56: 16419 | D56: CC Coeur de Charente | E56: Vouharte | F56: Eligible | G56: 328 | H56: Rural | I56: Moyenne | K56: Insuffisant | L56: 46084
A57: 17 - Berneuil | B57: 17 | C57: 17044 | D57: CC de Gémozac et de la Saintonge Viticole | E57: Berneuil | F57: Eligible | G57: 1149 | H57: Rural | I57: Moyenne | J57: - | K57: Insuffisant | L57: 46077
A58: 17 - Beurlay | B58: 17 | C58: 17045 | D58: CC Coeur de Saintonge | E58: Beurlay | F58: Eligible | G58: 1030 | H58: Rural | I58: Moyenne | J58: - | K58: Restreint | L58: 46116
A59: 17 - Bords | B59: 17 | C59: 17053 | D59: CC Vals de Saintonge Communauté | E59: Bords | F59: Eligible | G59: 1322 | H59: Rural | I59: Forte | J59: - | K59: Restreint | L59: 46077
A60: 17 - Brives-sur-Charente | B60: 17 | C60: 17069 | D60: CC de la Haute Saintonge | E60: Brives-sur-Charente | F60: Eligible | G60: 232 | H60: Rural | I60: Forte | J60: - | K60: Insuffisant | L60: 46077
A61: 17 - Bussac-sur-Charente | B61: 17 | C61: 17073 | D61: CA de Saintes | E61: Bussac-sur-Charente | F61: Eligible | G61: 1277 | H61: Rural | I61: Faible | J61: - | K61: Restreint | L61: 46077
A62: 17 - Chaniers | B62: 17 | C62: 17086 | D62: CA de Saintes | E62: Chaniers | F62: Eligible | G62: 3587 | H62: Rural | I62: Faible | J62: - | K62: Restreint | L62: 46077
A63: 17 - Chérac | B63: 17 | C63: 17100 | D63: CA de Saintes | E63: Chérac | F63: Eligible | G63: 1118 | H63: Rural | I63: Faible | J63: - | K63: Restreint | L63: 46077
A64: 17 - Coivert | B64: 17 | C64: 17114 | D64: CC Vals de Saintonge Communauté | E64: Coivert | F64: Eligible | G64: 212 | H64: Rural | I64: Forte | J64: - | K64: Insuffisant | L64: 46116
A65: 17 - Courcoury | B65: 17 | C65: 17128 | D65: CA de Saintes | E65: Courcoury | F65: Eligible | G65: 694 | H65: Rural | I65: Faible | J65: - | K65: Insuffisant | L65: 46077
A66: 17 - Crazannes | B66: 17 | C66: 17134 | D66: CC Coeur de Saintonge | E66: Crazannes | F66: Eligible | G66: 432 | H66: Rural | I66: Moyenne | J66: - | K66: Insuffisant | L66: 46077
A67: 17 - Cressé | B67: 17 | C67: 17135 | D67: CC Vals de Saintonge Communauté | E67: Cressé | F67: Eligible | G67: 229 | H67: Rural | I67: Forte | J67: - | K67: Insuffisant | L67: 46116
A68: 17 - Dompierre-sur-Charente | B68: 17 | C68: 17141 | D68: CA de Saintes | E68: Dompierre-sur-Charente | F68: Eligible | G68: 470 | H68: Rural | I68: Faible | J68: - | K68: Insuffisant | L68: 46077
... A338: 86 - Vivonne | B338: 86 | C338: 86293 | D338: CC des Vallées du Clain | E338: Vivonne | F338: Eligible | G338: 4409 | H338: Rural | I338: Faible | J338: - | K338: Moyen | L338: 46116
